 Dungeon Crawl Stone Soup version 0.23-a0-33-g1e3a2e4e2f (webtiles) character file.

275 MrRokkomies the Vexing (level 5, -1/39 HPs)
             Began as a Demigod Arcane Marksman on Aug 5, 2018.
             Killed by nerve-wracking pain
             ... invoked by an orc priest
              (12 damage)
             ... on level 3 of the Dungeon.
             The game lasted 00:08:00 (3221 turns).

MrRokkomies the Vexing (Demigod Arcane Marksman)    Turns: 3221, Time: 00:08:00

Health: -1/39      AC:  7    Str: 13    XL:     5   Next: 73%
Magic:  7/9        EV:  8    Int: 19    God:
Gold:   123        SH:  0    Dex: 16    Spells: 3/6 levels left

rFire    . . .     SeeInvis .   a - +1 hand crossbow
rCold    . . .     Gourm    .   (no shield)
rNeg     . . .     Faith    .   p - +0 scale mail
rPois    .         Spirit   .   j - +0 helmet
rElec    .         Reflect  .   (no cloak)
rCorr    .         Harm     .   (no gloves)
MR       .....                  (no boots)
Stlth    ..........             (no amulet)
HPRegen  0.13/turn              (no ring)
MPRegen  0.11/turn              (no ring)

@: heavily drained
A: high mp 1
a: no special abilities


You were on level 3 of the Dungeon.
You were not hungry.

You visited 1 branch of the dungeon, and saw 3 of its levels.

You collected 123 gold pieces.

Inventory:

Hand Weapons
 a - a +1 hand crossbow (weapon)
 b - a +0 short sword of speed
 i - a +0 blowgun
Missiles
 c - 4 silver javelins
 d - 7 bolts (quivered)
 o - 8 poisoned needles
Armour
 j - a +0 helmet (worn)
 m - a +0 ring mail
 p - a +0 scale mail (worn)
Scrolls
 g - a scroll of immolation {unknown}
 h - a scroll of remove curse
 k - 3 scrolls of identify
 l - 3 scrolls of teleportation
Potions
 e - a potion of cancellation {unknown}
 n - a potion of curing
 q - a potion of agility {unknown}
Comestibles
 f - 6 rations


   Skills:
 - Level 0.8(0.0) Fighting
 * Level 4.2(2.6) Crossbows
 - Level 1.7(0.3) Dodging
 - Level 1.0(0.0) Spellcasting
 * Level 4.7(3.1) Hexes


You had 3 spell levels left.
You knew the following spells:

 Your Spells              Type           Power        Failure   Level  Hunger
a - Corona                Hex            ##.....      28%         1    ##.....
b - Slow                  Hex            ##......     41%         2    ###....

Your spell library contained the following spells:

 Spells                   Type           Power        Failure   Level  Hunger
 Cause Fear               Hex            ##........   96%         4    #####..
 Portal Projectile        Hex/Tloc       #.....       86%         3    ####...
 Leda's Liquefaction      Hex/Erth       #.........   99%         4    #####..
 Inner Flame              Hex/Fire       #.......     86%         3    ####...


Dungeon Overview and Level Annotations

Branches:
Dungeon (3/15)


Innate Abilities, Weirdness & Mutations

You have an increased reservoir of magic. (+10% MP)


Message History

You shoot a bolt. The bolt barely misses the orc priest.
The orc priest invokes the aid of Beogh against you.
Pain shoots through your body!
* * * LOW HITPOINT WARNING * * *
Firing (i - inventory. (/) - cycle)
d - 8 bolts (quivered)
Press: ? - help, Shift-Dir - straight line, f/p - orc priest
Aim: an orc priest, wielding a club (severely wounded)
You shoot a bolt. The bolt hits the orc priest!
You kill the orc priest!
Okay, then.
Unknown command.
Casting: Corona (safe; 28% risk of failure)
Confirm with . or Enter, or press ? or * to list all spells.
Aiming: Slow (safe; 41% risk of failure)
Press: ? - help, Shift-Dir - straight line, f - orc priest
Aim: an orc priest, wielding a flail and wearing a scale mail (chance to defeat MR: 47%)
The orc priest resists with some effort.
The orc priest mumbles some strange prayers to Beogh against you.
Pain shoots through your body!
You die...

.####o...##oo##
#.o..######..#
..(..((.#### ##.##
#(o###### #..##
##).# ##(######
########......#####
#).).o....†....(...
#.@##########.#####
##.......## #.)##..
#######..# ##....#
##.####...##
#####.........#
#.#.
#......######.#
##.#.#
#.####.######.#
#....# #.÷...##.#
#....## #####..#.#


You could see an orc priest.

Vanquished Creatures
  A water moccasin (D:2)
  An orc priest (D:3)
  2 orc wizards (D:3)
  3 adders
  A dart slug (D:2)
  A leopard gecko (D:2)
  5 orcs (D:3)
  2 bats
  2 giant cockroaches (D:3)
  5 goblins
  7 hobgoblins
  4 jackals (D:1)
  5 kobolds
  7 quokkas
  2 ball pythons (D:3)
  2 frilled lizards (D:2)
  8 rats
58 creatures vanquished.

Notes
Turn   | Place    | Note
-------+----------+-------------------------------------------
     0 | D:1      | MrRokkomies the Demigod Arcane Marksman began the quest for the Orb.
     0 | D:1      | Reached XP level 1. HP: 15/15 MP: 4/4
   871 | D:1      | Reached XP level 2. HP: 22/22 MP: 5/5
   888 | D:1      | Learned a level 2 spell: Slow
  1229 | D:2      | Found a shadowy altar of Dithmenos.
  1456 | D:2      | Reached XP level 3. HP: 27/27 MP: 6/6
  1485 | D:2      | Found a glowing golden altar of the Shining One.
  1485 | D:2      | Found a deep blue altar of Sif Muna.
  2189 | D:2      | Noticed a water moccasin
  2204 | D:2      | Killed a water moccasin
  2204 | D:2      | Reached XP level 4. HP: 14/34 MP: 8/8
  2512 | D:3      | Reached XP level 5. HP: 27/39 MP: 9/9
  3221 | D:3      | Killed from afar by an orc priest

Vault maps used:
D:1:      dpeg_arrival_lava_temple_mockup
D:2:      grunt_dithmenos_smoke, gammafunk_temple_overflow_wave
D:3:      minmay_wonky_spiral, first_ration

Skill      XL: |  1  2  3  4  5 |
---------------+----------------+-----
Crossbows      | 2 3 4 |  4.2
Hexes          | 3 4 |  4.7
Fighting       | |  0.8
Dodging        | |  1.7
Spellcasting   | |  1.0

Action                   |  1- 3 |  4- 6 || total
-------------------------+-------+-------++-------
Melee: Hand axe          |    22 |       ||    22
       Short sword       |    85 |    93 ||   178
       Dagger            |     1 |       ||     1
 Fire: Hand crossbow     |    24 |    26 ||    50
 Cast: Corona            |       |     3 ||     3
       Slow              |       |     2 ||     2
  Use: Scroll            |     5 |       ||     5
       Potion            |     2 |     1 ||     3
  Eat: Chunk             |     3 |     1 ||     4
       Ration            |       |     1 ||     1
Armor: Robe              |    13 |       ||    13
       Ring mail         |    30 |    24 ||    54
       Skin              |     8 |       ||     8
       Scale mail        |       |    19 ||    19
Dodge: Dodged            |    76 |    41 ||   117

Table legend:
 A = Spawn XP
 B = Non-spawn XP
 C = Spawn XP percentage of total XP
 D = Spawn monster count
 E = Non-spawn monster count
 F = Spawn count percentage of total count
 G = Total turns spent on level
                    A         B        C        D         E        F      G
               +---------+---------+-------+---------+---------+-------+---------
         Total |       0 |     393 |   0.0 |       0 |      58 |   0.0 |  3221
               +---------+---------+-------+---------+---------+-------+---------
           D:1 |       0 |      23 |   0.0 |       0 |      12 |   0.0 |  1189
           D:2 |       0 |     195 |   0.0 |       0 |      23 |   0.0 |  1270
           D:3 |       0 |     175 |   0.0 |       0 |      23 |   0.0 |   762
               +---------+---------+-------+---------+---------+-------+---------
